 Dungeon Crawl Stone Soup version 0.17-a0-1497-g03599f7 (webtiles) character file.

65 urechis the Cudgeler (level 4, -9/28 HPs)
             Began as a Gargoyle Fighter on July 6, 2015.
             Mangled by an orc warrior
             ... wielding a +0 long sword
              (10 damage)
             ... on level 3 of the Dungeon.
             The game lasted 00:01:52 (1331 turns).

urechis the Cudgeler (Gargoyle Fighter)             Turns: 1331, Time: 00:01:53

Health: -9/28      AC: 10    Str: 19    XL:     4   Next: 14%
Magic:  0/4        EV:  7    Int:  9    God:
Gold:   83         SH:  9    Dex: 10    Spells: 0 memorised, 3 levels left

rFire  . . .     SeeInvis .     a - +0 flail
rCold  . . .     Clarity  .     b - +0 scale mail
rNeg   + . .     SustAt   .     c - +0 shield
rPois  ∞         Gourm    .     (no helmet)
rElec  +         Spirit   +     (no cloak)
rCorr  .         Warding  .     (no gloves)
rMut   .         Stasis   .     (no boots)
MR     .....                    l - amulet of guardian spirit
Stlth  ..........               (no ring)
                                (no ring)

@: not resistant to hostile enchantments, extremely unstealthy
A: negative energy resistance 1, electricity resistance, unbreathing,
petrification resistance, rot immunity, AC +3
a: no special abilities


You were on level 3 of the Dungeon.
You were not hungry.

You visited 1 branch of the dungeon, and saw 3 of its levels.

You collected 83 gold pieces.

Inventory:

Hand weapons
 a - a +0 flail (weapon)
Missiles
 h - 27 poisoned needles
Armour
 b - a +0 scale mail (worn)
 c - a +0 shield (worn)
Jewellery
 l - an amulet of guardian spirit (around neck)
Scrolls
 f - 4 scrolls of identify {unknown}
 g - 2 scrolls of remove curse {unknown}
 i - a scroll of enchant armour {unknown}
 m - a scroll of enchant weapon {unknown}
 p - a scroll of noise {unknown}
 r - a scroll of magic mapping {unknown}
Potions
 d - a potion of might
 j - a potion of beneficial mutation {unknown}
 k - a potion of experience {unknown}
 q - a potion of curing {unknown}
Comestibles
 e - 4 bread rations
 n - a meat ration


   Skills:
 - Level 3.2 Fighting
 + Level 4.2 Maces & Flails
 - Level 3.2 Armour
 - Level 3.2 Shields


You had 3 spell levels left.
You didn't know any spells.

Dungeon Overview and Level Annotations

Branches:
Dungeon (3/15)

Altars:
The Shining One


Innate Abilities, Weirdness & Mutations

You are resistant to torment.
Your stone body is resilient (AC +3).
You are immune to poison.
You resist negative energy.
You are resistant to electric shocks.
You can survive without breathing.
You are immune to petrification.
You are immune to rotting.


Message History

The orc wizard shouts!
The orc barely misses you.
The orc warrior hits you with a long sword!
* * * LOW HITPOINT WARNING * * *
The orc closely misses you.
The orc wizard casts a spell.
The orc wizard flickers and vanishes!
Deactivating autopickup; reactivate with Ctrl-A.
You block the orc warrior's attack.
You see here a goblin corpse.
There is an open door here.
There is a stone staircase leading up here.
You hit the orc warrior but do no damage.
The orc warrior is heavily wounded.
The orc warrior hits you with a long sword.
* * * LOW HITPOINT WARNING * * *
You closely miss the orc warrior.
The orc warrior is heavily wounded.
The orc warrior hits you with a long sword!
You die...

#.......#
###'#..##
#.#..#
#o#..#
#.#..#
#{#..#
#.#..#
#o#..######.
#.#@........
#.##o.......
#...o.......
####........
#........
#........
#........
#........
#########


You could see an orc warrior and an orc.

Vanquished Creatures
  2 adders (D:2)
  An ooze (D:1)
  An orc (D:3)
  2 giant cockroaches (D:1)
  7 hobgoblins
  11 kobolds
  2 quokkas (D:3)
  6 bats
  2 giant geckos
  2 giant newts
  4 goblins
  2 jackals (D:1)
  3 rats
45 creatures vanquished.

Notes
Turn   | Place    | Note
--------------------------------------------------------------
     0 | D:1      | urechis the Gargoyle Fighter began the quest for the Orb.
     0 | D:1      | Reached XP level 1. HP: 14/14 MP: 1/1
    95 | D:1      | Reached XP level 2. HP: 13/19 MP: 2/2
   305 | D:1      | Reached XP level 3. HP: 23/23 MP: 3/3
   877 | D:2      | Reached skill level 4 in Maces & Flails
   895 | D:2      | Found a glowing golden altar of the Shining One.
   997 | D:2      | Reached XP level 4. HP: 21/28 MP: 2/4
  1303 | D:3      | Noticed an orc warrior
  1330 | D:3      | HP: 1/28 [orc warrior/long sword (3)]
  1331 | D:3      | Mangled by an orc warrior

Vault maps used:
D:1:      lightli_arrival_quake, moated_statue, serial_bayou_pond_c
D:2:      nicolae_tso_swordbearing_angel

Action                   |  1- 3 |  4- 6 || total
-------------------------+-------+-------++-------
Melee: Flail             |   125 |    28 ||   153
  Eat: Chunk             |       |     2 ||     2
